 Dungeon Crawl Stone Soup version bcrawl-1.37.2 (webtiles) character file.

Game seed: 6468440851427458484

395229 Mehrunes the Thaumaturge (level 15, 0/115 HPs)
             Began as a Gnoll Wizard on Oct 24, 2022.
             Was a High Priest of Sif Muna.
             Succumbed to a sea snake's poison
             ... on level 1 of the Shoals on Oct 25, 2022.
             The game lasted 02:12:12 (29367 turns).

Mehrunes the Thaumaturge (Gnoll Wizard)            Turns: 29367, Time: 02:12:12

Health: 0/115      AC: 15    Str: 16    XL:     15   Next: 97%
Magic:  12/31      EV: 20    Int: 20    God:    Sif Muna [*****.]
Gold:   1474       SH:  8    Dex: 18    Spells: 0/38 levels left

rFire    + . .     GDR:     37% J - staff of wizardry
rCold    . . .     SeeInvis .   d - +0 buckler
rNeg     . . .     Gourm    .   X - +0 troll leather armour
rPois    .         Faith    +   E - +2 helmet
rElec    .         Spirit   .   o - +2 cloak {MR+}
rCorr    +         Reflect  .   Z - +0 pair of gloves
MR       +....                  Q - +0 pair of boots
Stlth    ++........             l - amulet of faith
HPRegen  1.69/turn              V - ring "Weloo" {rCorr Dex+4}
MPRegen  0.22/turn              p - ring of protection from fire

@: lethally poisoned (0 -> -11), swift, vulnerable, barbed spikes, flying,
regenerating, glowing, very quick
A: distributed training, fangs 1, strong nose
a: Divine Energy, Channel Magic, Forget Spell, Moment of Magic, Renounce
Religion


You were on level 1 of the Shoals.
You worshipped Sif Muna.
Sif Muna was extremely pleased with you.
You were hungry.

You visited 5 branches of the dungeon, and saw 21 of its levels.
You also visited: Sewer, Gauntlet and Ice Cave.

You collected 2594 gold pieces.
You spent 1120 gold pieces at shops.

Inventory:

Hand Weapons
 k - a +1 vampiric battleaxe
 L - the +3 flail "Giantslayer" {flame, Str+4 Int+3 Dex+3}
   (You found it on level 10 of the Dungeon)

   It has been specially enchanted to surge with flame as it hits, increasing
   damage dealt by approximately one third against foes not resistant or
   susceptible to fire.
   It affects your strength (+4).
   It affects your intelligence (+3).
   It affects your dexterity (+3).
 M - a +1 antimagic rapier
Armour
 d - a +0 buckler (worn)
 o - a +2 cloak of magic resistance (worn)
 y - +0 acid dragon scales
 E - a +2 helmet (worn)
 O - a scarf of resistance
 Q - a +0 pair of boots (worn)
 X - a +0 troll leather armour (worn)
 Z - a +0 pair of gloves (worn)
Magical Staves
 J - an uncursed staff of wizardry (weapon)
Jewellery
 a - an uncursed ring of resist corrosion
 h - the ring of Eternity {Ice MR+}
   (You took it off Fannar on level 3 of the Lair of Beasts)

   [ring of ice]

   It enhances your ice magic.
   It makes you vulnerable to fire.
   It protects you from cold.
   It affects your resistance to hostile enchantments.
 l - an amulet of faith (around neck)
 p - a ring of protection from fire (right hand)
 r - an uncursed ring of protection from cold
 t - an uncursed ring of positive energy
 P - a +6 ring of dexterity
 R - an uncursed ring of insulation
 V - the ring "Weloo" (left hand) {rCorr Dex+4}
   (You found it on level 10 of the Dungeon)

   [ring of resist corrosion]

   It affects your dexterity (+4).
   It provides partial protection from all sources of acid and corrosion.
Wands
 b - a wand of charming (4)
 c - a wand of flame (62)
 B - a wand of polymorph (39)
 C - a wand of iceblast (17)
 H - a wand of random effects (8)
 U - a wand of disintegration (39)
Scrolls
 n - 2 scrolls of enchant weapon
 q - 7 scrolls of remove curse
 w - 5 scrolls of teleportation
 A - 5 scrolls of fog
 D - 2 scrolls of enchant armour
 G - 6 scrolls of magic mapping
 I - a scroll of summoning
 Y - a scroll of vulnerability
Potions
 f - 4 potions of brilliance
 j - 3 potions of mutation
 m - 4 potions of curing
 v - 5 potions of invisibility
 x - 3 potions of berserk rage
 z - 2 potions of cancellation
 F - a potion of ambrosia
 K - a potion of agility
Miscellaneous
 S - a lamp of fire
 W - a phial of floods
Comestibles
 e - 30 rations {!d}


   Skills:
 + Level 10.3 Fighting
 + Level 10.3 Short Blades
 + Level 10.3 Long Blades
 + Level 10.3 Axes
 + Level 10.3 Maces & Flails
 + Level 10.3 Polearms
 + Level 10.3 Staves
 + Level 10.3 Slings
 + Level 10.3 Bows
 + Level 10.3 Crossbows
 + Level 10.3 Throwing
 + Level 10.3 Armour
 + Level 11.2 Dodging
 + Level 11.2 Stealth
 + Level 10.3 Shields
 + Level 10.3 Unarmed Combat
 + Level 12.2 Spellcasting
 + Level 9.0 Conjurations
 + Level 8.7 Hexes
 + Level 8.7 Charms
 + Level 9.0 Summonings
 + Level 8.7 Necromancy
 + Level 9.0 Translocations
 + Level 8.7 Transmutations
 + Level 8.7 Fire Magic
 + Level 8.7 Ice Magic
 + Level 8.7 Air Magic
 + Level 8.7 Earth Magic
 + Level 8.7 Poison Magic
 + Level 11.1 Invocations
 + Level 10.3 Evocations


You couldn't memorise any spells.
You knew the following spells:

 Your Spells              Type           Power        Failure   Level  Hunger
a - Ignite Poison         Fire/Tmut/Pois #####...     1%          3    None
b - Spider Form           Tmut/Pois      ###          1%          3    None
c - Olgreb's Toxic Radia  Pois           #####....    1%          4    None
d - Blink                 Tloc           N/A          1%          2    None
e - Passage of Golubria   Tloc           N/A          2%          5    ##.....
f - Summon Lightning Spi  Summ/Air       #####...     2%          5    ##.....
g - Iron Shot             Conj/Erth      #####.....   16%         6    ####...
h - Regeneration          Chrm/Necr      #####.....   1%          3    None
j - Blade Hands           Tmut           #####.....   3%          5    ##.....
k - Poisonous Vapours     Pois/Air       #####.       1%          2    None

Your spell library contained the following spells:

 Spells                   Type           Power        Failure   Level  Hunger
 Beastly Appendage        Tmut           #####.       1%          1    None
 Blink Other              Tloc           #####.       1%          1    None
 Corona                   Hex            #####..      1%          1    None
 Magic Dart               Conj           ####         1%          1    None
 Sandblast                Erth           #####.       1%          1    None
 Slow                     Hex            #####...     1%          1    None
 Summon Small Mammal      Summ           ####         1%          1    None
 Call Imp                 Summ           #####.       1%          2    None
 Flaming Arrows           Chrm/Fire      #####...     1%          2    None
 Passwall                 Tmut/Erth      #####...     1%          2    None
 Shackle                  Hex            #####...     1%          2    None
 Sticks to Snakes         Tmut           #####...     1%          2    None
 Sublimation of Blood     Necr           #####.....   1%          2    None
 Swiftness                Chrm/Air       #####...     1%          2    None
 Throw Frost              Conj/Ice       #####.       1%          2    None
 Call Canine Familiar     Summ           #####...     1%          3    None
 Conjure Flame            Conj/Fire      #####...     1%          3    None
 False Image              Hex/Summ       #####...     1%          3    None
 Inner Flame              Hex/Fire       N/A          1%          3    None
 Mephitic Cloud           Conj/Pois/Air  #####...     1%          3    None
 Recall                   Summ/Tloc      N/A          1%          3    None
 Spectral Weapon          Hex/Chrm       #####...     1%          3    None
 Stone Arrow              Conj/Erth      #####.       1%          3    None
 Animate Dead             Necr           N/A          1%          4    None
 Cause Fear               Hex            #####.....   1%          4    None
 Ice Form                 Ice/Tmut       #####...     1%          4    None
 Petrify                  Tmut/Erth      #####.....   1%          4    None
 Sticky Flame             Conj/Fire      #####...     1%          4    None
 Summon Ice Beast         Ice/Summ       #####...     1%          4    None
 Yara's Violent Unravell  Hex/Tmut       #####.....   1%          4    None
 Bolt of Draining         Conj/Necr      #####.....   2%          5    ##.....
 Venom Bolt               Conj/Pois      #####.....   2%          5    ##.....
 Dispel Undead            Necr           #####...     3%          5    ##.....
 Lee's Rapid Deconstruct  Erth           #####.....   3%          5    ##.....
 Metabolic Englaciation   Hex/Ice        #####.....   3%          5    ##.....
 Piercing Shot            Chrm           #####.....   3%          5    ##.....
 Bolt of Cold             Conj/Ice       #####.....   16%         6    ####...
 Death Channel            Chrm/Necr      #####.....   16%         6    ####...
 Deflect Missiles         Chrm/Air       #####.....   16%         6    ####...
 Ozocubu's Refrigeration  Ice            #####.....   16%         6    ####...
 Poison Arrow             Conj/Pois      #####.....   16%         6    ####...
 Simulacrum               Ice/Necr       #####...     16%         6    ####...
 Statue Form              Tmut/Erth      #####....    16%         6    ####...
 Virulence                Hex/Pois       #####...     16%         6    ####...
 Controlled Blink         Tloc           #####...     58%         7    ######.
 Icicle Burst             Conj/Ice       #####.....   61%         7    ######.


Dungeon Overview and Level Annotations

Branches:
Dungeon (12/12)            Temple (1/1) D:7            Lair (6/6) D:7
 Shoals (1/3) Lair:3       Spider (0/3) Lair:4        Slime (0/5) Lair:6
    Orc (1/1) D:11            Elf (0/3) Orc          Vaults (0/3) D:12
 Depths (0/5) D:12

Altars:
Ashenzari
Cheibriados
Dithmenos
Elyvilon
Fedhas
Gozag
Hepliaklqana
Kikubaaqudgha
Lugonu
Makhleb
Nemelex Xobeh
Okawaru
Qazlal
Ru
Sif Muna
Trog
Uskayaw
Vehumet
Wu Jian
Xom
Yredelemnul
Zin
The Shining One
Jiyva

Shops:
D:5 *   D:8 }   D:10 :   D:11 *   D:12 %   Orc *[?}%   Shoals:1 =

Portals:
Abyss: D:1*** D:11

Annotations:
D:2 1 runed door


Innate Abilities, Weirdness & Mutations

Your experience applies equally to all skills.
You have very sharp teeth.
Your uncanny sense of smell can sniff out nearby items.


Message History

* * * LOW HITPOINT WARNING * * *
x2 You feel very sick.
The sea snake enters the passage of Golubria.
The faun unwields a +0 quarterstaff.
The faun wields a +0 hunting sling.
The faun shoots a sling bullet.
The sling bullet misses you.
Casting: Passage of Golubria (safe; 2% risk of failure)
Confirm with . or Enter, or press ? or * to list all spells.
Your skin crawls.
* * * LOW HITPOINT WARNING * * *
You feel very sick.
The manticore flicks its tail.
The volley of spikes hits you but does no damage.
The faun shoots a sling bullet.
The sling bullet hits you.
* * * LOW HITPOINT WARNING * * *
Quiver which item? (- for none, * to show all) (? for menu, Esc to quit)
Okay, then.
Okay, then.
As you read the scroll of fog, it crumbles to dust.
The scroll dissolves into smoke.
You die...

≈≈.........##.....≈≈≈≈≈≈≈≈≈≈≈≈≈≈
≈≈≈....)...####.....≈≈≈≈≈≈≈≈≈≈≈≈
≈≈≈≈≈......# ##.....≈≈≈≈≈≈≈≈≈≈≈
≈≈≈≈........####........≈≈≈≈≈≈≈≈
≈≈≈≈.####.......^..(....∩≈≈≈≈≈≈≈
≈≈≈≈.# .....##..≈.......≈..≈≈≈≈
≈≈≈≈.###......#.S§§.........≈≈≈≈
≈≈≈≈....####.≈.§§§≈.........≈≈≈≈
≈≈≈≈≈...# #.≈≈§@§..........≈≈≈≈
≈≈≈≈≈...# ###..§§§..........≈≈≈≈
≈≈≈≈≈≈...##.....§≈§.....†....≈≈≈
≈≈≈≈≈...........≈≈...|........≈≈
≈≈≈≈≈...###cH....≈............≈≈
≈≈≈≈....###.c≈≈.≈.............≈≈
≈≈≈≈..c..#c..≈..≈≈....≈≈.>...≈≈≈
≈≈≈≈≈≈≈...c..≈..≈≈≈≈≈........≈≈≈
≈≈≈..c.c≈...≈≈≈≈≈≈≈≈≈....≈≈≈.≈≈≈


You could see a satyr, a sea snake, 3 fauns and a manticore.

Vanquished Creatures
  A frost giant (IceCv)
  Fannar (Lair:3)
  2 vault guards (D:12)
  5 hydras
  A catoblepas (Lair:3)
  3 two-headed ogres
  6 death yaks
  A sea snake (Shoals:1)
  4 orc high priests (Orc)
  A centaur warrior (D:11)
  Nergalle (Lair:3)
  2 skeletal warriors (D:12)
  A flayed ghost (D:12)
  2 necromancers (D:12)
  Pikel (D:6)
  A tengu zombie (D:12)
  3 harpies (Lair:3)
  A lindwurm (Lair:5)
  An orc sorcerer (Orc)
  A cyclops (Orc)
  An oklob plant (Lair:5)
  2 ugly things (D:12)
  2 manticores
  A moth of wrath (Lair:3)
  17 elephants
  An ice statue (IceCv)
  5 black mambas
  10 cane toads
  2 jumping spiders (Lair:4)
  7 komodo dragons
  4 yaktaurs (D:11)
  3 rime drakes
  An eye of draining (D:10)
  Maurice (D:11)
  2 merfolk (Shoals:1)
  6 trolls
  3 slime creatures (D:12)
  10 polar bears
  A hornet (D:8)
  12 blink frogs
  Prince Ribbit (D:6)
  An ice dragon zombie (D:12)
  7 hippogriffs
  9 dream sheep (Lair:6)
  A fire dragon zombie (D:12)
  A spriggan (D:7)
  A water elemental (D:12)
  A vampire (D:10)
  2 wyverns
  16 humans (D:12)
  85 yaks
  A basilisk (Lair:6)
  A steam dragon (Lair:6)
  10 water moccasins
  2 acid dragons
  14 crocodiles
  A human zombie (D:12)
  12 porcupines
  12 orc warriors
  A swamp drake (Lair:6)
  2 black bears
  A phantom (D:12)
  4 sky beasts
  2 ice beasts
  13 wolves (IceCv)
  5 ogres
  2 kobold brigands
  4 bullfrogs
  4 gnoll sergeants (D:9)
  3 centaurs (D:12)
  A scorpion (D:3)
  A water moccasin skeleton (D:5)
  5 electric eels
  4 howler monkeys
  9 orc priests
  8 crimson imps
  2 lava snakes (D:7)
  A bullfrog zombie (D:8)
  2 jellies
  A quasit (D:6)
  5 hounds
  19 orc wizards
  4 bullfrog skeletons
  A gnoll shaman (D:9)
  An iguana (Lair:6)
  Ijyb (D:3)
  Terence (D:2)
  5 worker ants
  A killer bee zombie (D:5)
  A hound zombie (D:4)
  Robin (D:3)
  A mummy (D:9)
  3 worker ant zombies
  A howler monkey zombie (D:8)
  22 gnolls
  17 adders
  3 river rats
  A shadow imp (D:10)
  2 oozes
  3 adder skeletons
  2 adder zombies
  2 worms
  2 dart slugs
  A leopard gecko (D:1)
  33 orcs
  3 ball pythons
  3 bats
  3 giant cockroaches
  17 goblins
  12 hobgoblins
  10 jackals
  15 kobolds
  3 quokkas
  3 frilled lizards
  A goblin skeleton (D:6)
  2 goblin zombies (D:6)
  A hobgoblin zombie (D:6)
  2 kobold skeletons (D:6)
  A kobold zombie (D:6)
  An orc skeleton (D:6)
  13 rats
  6 plants
612 creatures vanquished.

Vanquished Creatures (collateral kills)
  2 hydras
  A death yak (Lair:6)
  A centaur warrior (D:12)
  A cyclops (D:12)
  3 oklob plants (Lair:5)
  An orc knight (Orc)
  An ugly thing (D:11)
  A black mamba (Lair:5)
  A rime drake (Lair:6)
  A blink frog (Lair:6)
  4 polar bears (IceCv)
  A hippogriff (D:7)
  6 dream sheep
  12 yaks
  4 humans (D:12)
  A steam dragon (Lair:6)
  A warg (D:11)
  An ogre (Orc)
  A swamp drake (Lair:6)
  8 orc warriors
  A wolf (IceCv)
  2 bullfrogs
  A kobold brigand (D:10)
  A gnoll sergeant (D:9)
  11 orc priests
  3 jellies
  5 orc wizards (Orc)
  2 adders (D:10)
  2 gnolls
  4 oozes (Lair:6)
  19 orcs
  6 kobolds (D:10)
  2 lurking horrors (D:11)
  6 plants (Lair:5)
117 creatures vanquished.

Vanquished Creatures (others)
  A necromancer (D:12)
  An acid dragon (Lair:6)
  An electric eel (D:9)
  A crimson imp (D:6)
  A worker ant zombie (D:9)
  3 bushes
  13 fungi
  31 plants
52 creatures vanquished.

Grand Total: 781 creatures vanquished

Notes
Turn   | Place    | Note
-------+----------+-------------------------------------------
     0 | D:1      | Mehrunes the Gnoll Wizard began the quest for the Orb.
     0 | D:1      | Reached XP level 1. HP: 13/13 MP: 8/8
   110 | D:1      | Found a shattered altar of Ashenzari.
   207 | D:1      | Reached XP level 2. HP: 19/19 MP: 8/10
   875 | D:2      | Reached XP level 3. HP: 25/25 MP: 7/11
  1115 | D:2      | Found a runed door.
  1188 | D:2      | Noticed Terence
  1208 | D:2      | Killed Terence
  1209 | D:2      | Reached skill level 1 in Fighting
  1209 | D:2      | Reached skill level 1 in Short Blades
  1209 | D:2      | Reached skill level 1 in Long Blades
  1209 | D:2      | Reached skill level 1 in Axes
  1209 | D:2      | Reached skill level 1 in Maces & Flails
  1209 | D:2      | Reached skill level 1 in Polearms
  1209 | D:2      | Reached skill level 1 in Staves
  1209 | D:2      | Reached skill level 1 in Slings
  1209 | D:2      | Reached skill level 1 in Bows
  1209 | D:2      | Reached skill level 1 in Crossbows
  1209 | D:2      | Reached skill level 1 in Throwing
  1209 | D:2      | Reached skill level 1 in Armour
  1209 | D:2      | Reached skill level 1 in Shields
  1209 | D:2      | Reached skill level 1 in Unarmed Combat
  1209 | D:2      | Reached skill level 1 in Invocations
  1209 | D:2      | Reached skill level 1 in Evocations
  1270 | D:2      | Reached XP level 4. HP: 32/32 MP: 10/13
  1282 | D:2      | Learned a level 3 spell: Spider Form
  1286 | D:2      | Learned a level 3 spell: Mephitic Cloud
  1289 | D:2      | Learned a level 2 spell: Blink
  1293 | D:2      | Learned a level 3 spell: Conjure Flame
  1881 | D:3      | Noticed Ijyb
  1886 | D:3      | Killed Ijyb
  1887 | D:3      | Reached skill level 1 in Hexes
  1887 | D:3      | Reached skill level 1 in Charms
  1887 | D:3      | Reached skill level 1 in Necromancy
  1887 | D:3      | Reached skill level 1 in Transmutations
  1887 | D:3      | Reached skill level 1 in Fire Magic
  1887 | D:3      | Reached skill level 1 in Ice Magic
  1887 | D:3      | Reached skill level 1 in Air Magic
  1887 | D:3      | Reached skill level 1 in Earth Magic
  1887 | D:3      | Reached skill level 1 in Poison Magic
  1900 | D:3      | Reached XP level 5. HP: 30/37 MP: 14/14
  2093 | D:3      | Noticed Robin
  2173 | D:3      | Killed Robin
  2747 | D:3      | Reached XP level 6. HP: 18/44 MP: 16/16
  2942 | D:4      | Found a sparkling altar of Nemelex Xobeh.
  2960 | D:4      | Noticed a sky beast
  2974 | D:4      | Killed a sky beast
  2975 | D:4      | Reached skill level 5 in Dodging
  2975 | D:4      | Reached skill level 5 in Stealth
  3074 | D:4      | Noticed a sky beast
  3099 | D:4      | Killed a sky beast
  3100 | D:4      | Reached XP level 7. HP: 29/50 MP: 14/18
  3194 | D:4      | Found an ancient bone altar of Kikubaaqudgha.
  3324 | D:4      | Found a glowing drain.
  3341 | Sewer    | Entered a sewer
  3519 | Sewer    | Found a white marble altar of Elyvilon.
  3933 | D:4      | Reached XP level 8. HP: 54/57 MP: 15/19
  4065 | D:4      | Found a shadowy altar of Dithmenos.
  4065 | D:4      | Found an opulent altar of Gozag.
  4066 | D:4      | Found an ornate altar of the Wu Jian Council.
  4129 | D:5      | Entered Level 5 of the Dungeon
  4310 | D:5      | Found Gycela's Assorted Antiques.
  4567 | D:5      | Found a shimmering blue altar of Sif Muna.
  4727 | D:5      | Reached skill level 8 in Spellcasting
  5346 | D:6      | Found a glowing golden altar of the Shining One.
  5457 | D:6      | Noticed Prince Ribbit
  5484 | D:6      | Killed Prince Ribbit
  5485 | D:6      | Reached XP level 9. HP: 51/65 MP: 21/21
  5950 | D:6      | Noticed Pikel
  5960 | D:6      | Killed Pikel
  6571 | D:7      | Reached skill level 5 in Invocations
  6574 | D:7      | Noticed a troll
  6591 | D:7      | Killed a troll
  6794 | D:7      | Reached XP level 10. HP: 54/73 MP: 22/22
  7037 | D:6      | Learned a level 2 spell: Call Imp
  7106 | D:7      | Reached skill level 5 in Fighting
  7106 | D:7      | Reached skill level 5 in Short Blades
  7106 | D:7      | Reached skill level 5 in Long Blades
  7106 | D:7      | Reached skill level 5 in Axes
  7106 | D:7      | Reached skill level 5 in Maces & Flails
  7106 | D:7      | Reached skill level 5 in Polearms
  7106 | D:7      | Reached skill level 5 in Staves
  7106 | D:7      | Reached skill level 5 in Slings
  7106 | D:7      | Reached skill level 5 in Bows
  7106 | D:7      | Reached skill level 5 in Crossbows
  7106 | D:7      | Reached skill level 5 in Throwing
  7106 | D:7      | Reached skill level 5 in Armour
  7106 | D:7      | Reached skill level 5 in Shields
  7106 | D:7      | Reached skill level 5 in Unarmed Combat
  7106 | D:7      | Reached skill level 5 in Evocations
  7184 | D:7      | Found a staircase to the Ecumenical Temple.
  7199 | Temple   | Entered the Ecumenical Temple
  7418 | D:5      | Became a worshipper of Sif Muna the Loreminder
  7666 | D:7      | Found a staircase to the Lair.
  7778 | D:7      | Found a hide-covered altar of Uskayaw.
  7814 | D:7      | Reached skill level 9 in Spellcasting
  8105 | D:6      | Reached * piety under Sif Muna
  8105 | D:6      | Reached skill level 5 in Conjurations
  8105 | D:6      | Reached skill level 5 in Summonings
  8105 | D:6      | Reached skill level 5 in Translocations
  8381 | D:8      | Learned a level 4 spell: Yara's Violent Unravelling
  8403 | D:8      | Noticed a two-headed ogre
  8738 | D:8      | Found Jucoaf's Gadget Shop.
  9147 | D:8      | Found a bloodstained altar of Trog.
  9225 | D:8      | Identified Araiwk's Grimoire of Ghastly Displacement (Sif
                  | Muna gifted it to you on level 8 of the Dungeon)
  9225 | D:8      | Received a gift from Sif Muna
  9252 | D:8      | Learned a level 3 spell: Regeneration
  9439 | D:8      | Reached XP level 11. HP: 81/81 MP: 24/24
  9572 | D:8      | Found a white marble altar of Elyvilon.
  9688 | D:8      | Killed a two-headed ogre
  9688 | D:8      | Reached ** piety under Sif Muna
 10208 | D:8      | Reached skill level 5 in Hexes
 10208 | D:8      | Reached skill level 5 in Charms
 10208 | D:8      | Reached skill level 5 in Necromancy
 10208 | D:8      | Reached skill level 5 in Transmutations
 10208 | D:8      | Reached skill level 5 in Fire Magic
 10208 | D:8      | Reached skill level 5 in Ice Magic
 10208 | D:8      | Reached skill level 5 in Air Magic
 10208 | D:8      | Reached skill level 5 in Earth Magic
 10208 | D:8      | Reached skill level 5 in Poison Magic
 10632 | D:9      | Found an iron altar of Okawaru.
 10902 | D:9      | Noticed a manticore
 11276 | Lair:1   | Entered Level 1 of the Lair of Beasts
 11282 | Lair:1   | Found a gate leading to a gauntlet.
 11339 | Gauntlet | Entered a Gauntlet
 11339 | Gauntlet | Found a transporter.
 11339 | Gauntlet | Found a transporter.
 11357 | Gauntlet | Found a transporter.
 11375 | Gauntlet | Found a transporter.
 11377 | Gauntlet | Noticed a worldbinder
 11396 | Gauntlet | Found a transporter.
 11400 | Gauntlet | Noticed a death scarab
 11407 | Gauntlet | Noticed a death scarab
 11411 | Gauntlet | Noticed a glowing orange brain
 11412 | Gauntlet | Found a transporter.
 11415 | Gauntlet | Noticed a goliath frog
 11418 | Gauntlet | Found a transporter.
 11418 | Gauntlet | Found a transporter.
 11423 | Gauntlet | Found a transporter.
 11423 | Gauntlet | Found a transporter.
 11460 | Gauntlet | Noticed a glowing orange brain
 11472 | Gauntlet | Noticed a white ugly thing
 11570 | Lair:1   | Reached *** piety under Sif Muna
 12843 | Lair:2   | Reached **** piety under Sif Muna
 12922 | Lair:2   | Got a diamond-encrusted scale mail
 13252 | Lair:3   | Reached XP level 12. HP: 87/89 MP: 25/25
 13279 | Lair:3   | Learned a level 4 spell: Cause Fear
 13305 | Lair:3   | Identified the ring of Eternity {Ice MR+}
 13305 | Lair:3   | Noticed Fannar
 13385 | Lair:3   | Found a runed door.
 13386 | Lair:3   | Found a staircase to the Shoals.
 13544 | Lair:3   | Received a gift from Sif Muna
 13550 | Lair:3   | Learned a level 4 spell: Ice Form
 13596 | Lair:3   | Noticed Nergalle
 13627 | Lair:3   | Killed Nergalle
 13628 | Lair:3   | Reached skill level 10 in Spellcasting
 13698 | Lair:3   | Noticed a catoblepas
 13713 | Lair:3   | Killed a catoblepas
 13899 | Lair:3   | Identified the +0 scale mail of Understanding {*Drain rElec
                  | rN+ Slay+3} (You found it on level 2 of the Lair of Beasts)
 14403 | Lair:3   | Learned a level 5 spell: Blade Hands
 15462 | Lair:4   | Found a hole to the Spider Nest.
 15937 | D:9      | Reached ***** piety under Sif Muna
 16086 | D:9      | Paralysed by fainting for 5 turns
 16531 | D:9      | Found a hazy altar of Hepliaklqana.
 16604 | D:9      | Found a snail-covered altar of Cheibriados.
 16778 | D:10     | Entered Level 10 of the Dungeon
 16806 | D:10     | Got a polished flail
 16811 | D:10     | Noticed a two-headed ogre
 16824 | D:9      | Identified the +3 flail "Giantslayer" {flame, Str+4 Int+3
                  | Dex+3} (You found it on level 10 of the Dungeon)
 17193 | D:10     | Killed a two-headed ogre
 17272 | D:10     | Found Ucexzakk's Book Emporium.
 17277 | D:10     | Reached XP level 13. HP: 61/98 MP: 27/27
 17337 | D:10     | Bought a book of Callings for 420 gold pieces
 17344 | D:10     | Learned a level 5 spell: Summon Lightning Spire
 17619 | D:10     | Found an iron altar of Okawaru.
 17698 | D:10     | Got a fine brass ring
 18249 | D:11     | Identified Sif Muna's Handbook of a Hundred Hounds (Sif
                  | Muna gifted it to you on level 11 of the Dungeon)
 18249 | D:11     | Received a gift from Sif Muna
 18271 | D:11     | Found Daukkacs's Demolitions Depot.
 18313 | D:11     | Identified a scroll of acquirement
 18313 | D:11     | Identified the ring of Ephemeral Luck {rF+ rCorr Stlth+}
                  | (You acquired it on level 11 of the Dungeon)
 18346 | D:11     | Found a staircase to the Orcish Mines.
 18550 | D:11     | Found a corrupted altar of Lugonu.
 18629 | D:11     | Noticed Maurice
 18635 | D:11     | Killed Maurice
 19061 | D:11     | Learned a level 3 spell: Ignite Poison
 19367 | Lair:3   | Killed Fannar
 20266 | Lair:5   | Reached ****** piety under Sif Muna
 20276 | Lair:5   | Reached skill level 11 in Spellcasting
 21109 | Lair:5   | Reached XP level 14. HP: 106/106 MP: 23/29
 21347 | Lair:6   | Entered Level 6 of the Lair of Beasts
 21349 | Lair:6   | Found a viscous altar of Jiyva.
 21350 | Lair:6   | Found a staircase to the Slime Pits.
 21405 | Lair:6   | Found a viscous altar of Jiyva.
 21514 | Lair:6   | Reached skill level 10 in Dodging
 21514 | Lair:6   | Reached skill level 10 in Stealth
 21633 | Lair:6   | Found a frozen archway.
 21654 | Lair:6   | Identified Ikyogh's Almanac of Good Luck and Conjuration
                  | (Sif Muna gifted it to you on level 6 of the Lair of
                  | Beasts)
 21654 | Lair:6   | Received a gift from Sif Muna
 21692 | IceCv    | Entered an ice cave
 21758 | IceCv    | Identified the ring "Weloo" {rCorr Dex+4} (You found it on
                  | level 10 of the Dungeon)
 22527 | IceCv    | Reached skill level 10 in Invocations
 22847 | IceCv    | Noticed a frost giant
 23002 | IceCv    | Killed a frost giant
 23011 | IceCv    | Identified Camomap's Collected Works on Stones and
                  | Lightness
 23016 | IceCv    | Learned a level 2 spell: Poisonous Vapours
 23954 | Lair:6   | Reached XP level 15. HP: 74/114 MP: 22/30
 24792 | Lair:6   | Received a gift from Sif Muna
 24820 | Lair:6   | Learned a level 5 spell: Passage of Golubria
 25527 | Orc      | Entered the Orcish Mines
 25527 | Orc      | Found a staircase to the Elven Halls.
 25578 | Orc      | Found a radiant altar of Vehumet.
 25692 | Orc      | Found Gosyts's Assorted Antiques.
 26288 | Orc      | Learned a level 6 spell: Ozocubu's Refrigeration
 26566 | Orc      | Found Miejoj's Magic Scroll Shop.
 26566 | Orc      | Found Xereibe's Food Boutique.
 26569 | Orc      | Found Laguiw's Gadget Boutique.
 26571 | Orc      | Found Tati's Armour Shop.
 27177 | D:12     | Entered Level 12 of the Dungeon
 27182 | D:12     | Found Keorph's Food Shop.
 27232 | D:12     | Reached skill level 12 in Spellcasting
 27349 | D:12     | Reached skill level 10 in Fighting
 27349 | D:12     | Reached skill level 10 in Short Blades
 27349 | D:12     | Reached skill level 10 in Long Blades
 27349 | D:12     | Reached skill level 10 in Axes
 27349 | D:12     | Reached skill level 10 in Maces & Flails
 27349 | D:12     | Reached skill level 10 in Polearms
 27349 | D:12     | Reached skill level 10 in Staves
 27349 | D:12     | Reached skill level 10 in Slings
 27349 | D:12     | Reached skill level 10 in Bows
 27349 | D:12     | Reached skill level 10 in Crossbows
 27349 | D:12     | Reached skill level 10 in Throwing
 27349 | D:12     | Reached skill level 10 in Armour
 27349 | D:12     | Reached skill level 10 in Shields
 27349 | D:12     | Reached skill level 10 in Unarmed Combat
 27349 | D:12     | Reached skill level 10 in Evocations
 27582 | D:12     | Found a gate to the Vaults.
 27696 | D:12     | Found a staircase to the Depths.
 28769 | D:10     | Bought a book of Bombardment for 700 gold pieces
 28777 | D:10     | Learned a level 6 spell: Iron Shot
 29090 | Shoals:1 | Entered Level 1 of the Shoals
 29248 | Shoals:1 | Found Cuorezof's Jewellery Boutique.
 29274 | Shoals:1 | Identified Sif Muna's Almanac of Cankerous Transmigration
                  | (Sif Muna gifted it to you on level 1 of the Shoals)
 29274 | Shoals:1 | Received a gift from Sif Muna
 29281 | Shoals:1 | Learned a level 4 spell: Olgreb's Toxic Radiance
 29286 | Shoals:1 | Learned a level 3 spell: Ignite Poison
 29366 | Shoals:1 | HP: 4/115 [poisoned by a sea snake]
 29367 | Shoals:1 | Succumbed to a sea snake's poison

Skill      XL: |  1  2  3  4  5  6  7  8  9 10 11 12 13 14 15 |
---------------+----------------------------------------------+-----
Conjurations   | 2 3 4 5 6 7 8 9 |  9.0
Summonings     | 2 3 4 5 6 7 8 9 |  9.0
Translocations | 2 3 4 5 6 7 8 9 |  9.0
Fighting       | 1 2 3 4 5 6 7 8 9 10 | 10.3
Short Blades   | 1 2 3 4 5 6 7 8 9 10 | 10.3
Long Blades    | 1 2 3 4 5 6 7 8 9 10 | 10.3
Axes           | 1 2 3 4 5 6 7 8 9 10 | 10.3
Maces & Flails | 1 2 3 4 5 6 7 8 9 10 | 10.3
Polearms       | 1 2 3 4 5 6 7 8 9 10 | 10.3
Staves         | 1 2 3 4 5 6 7 8 9 10 | 10.3
Slings         | 1 2 3 4 5 6 7 8 9 10 | 10.3
Bows           | 1 2 3 4 5 6 7 8 9 10 | 10.3
Crossbows      | 1 2 3 4 5 6 7 8 9 10 | 10.3
Throwing       | 1 2 3 4 5 6 7 8 9 10 | 10.3
Armour         | 1 2 3 4 5 6 7 8 9 10 | 10.3
Shields        | 1 2 3 4 5 6 7 8 9 10 | 10.3
Unarmed Combat | 1 2 3 4 5 6 7 8 9 10 | 10.3
Invocations    | 1 2 3 4 5 6 7 8 9 10 11 | 11.1
Evocations     | 1 2 3 4 5 6 7 8 9 10 | 10.3
Hexes          | 1 2 3 4 5 6 7 8 |  8.7
Charms         | 1 2 3 4 5 6 7 8 |  8.7
Necromancy     | 1 2 3 4 5 6 7 8 |  8.7
Transmutations | 1 2 3 4 5 6 7 8 |  8.7
Fire Magic     | 1 2 3 4 5 6 7 8 |  8.7
Ice Magic      | 1 2 3 4 5 6 7 8 |  8.7
Air Magic      | 1 2 3 4 5 6 7 8 |  8.7
Earth Magic    | 1 2 3 4 5 6 7 8 |  8.7
Poison Magic   | 1 2 3 4 5 6 7 8 |  8.7
Dodging        | 5 6 7 8 9 10 11 | 11.2
Stealth        | 5 6 7 8 9 10 11 | 11.2
Spellcasting   | 8 9 10 11 12 | 12.2

Action                   |  1- 3 |  4- 6 |  7- 9 | 10-12 | 13-15 || total
-------------------------+-------+-------+-------+-------+-------++-------
Melee: Whip              |    31 |       |       |       |       ||    31
       Bite              |    10 |     8 |     4 |    34 |   118 ||   174
       Long sword        |    20 |    29 |       |       |       ||    49
       Dagger            |       |    62 |       |       |       ||    62
       Flail             |       |    17 |    23 |   209 |    40 ||   289
       Unarmed           |       |    13 |   335 |   516 |   791 ||  1655
       Punch             |       |       |       |     2 |    30 ||    32
       Staff             |       |       |       |       |    55 ||    55
Throw: Tomahawk          |       |    15 |       |    25 |       ||    40
 Cast: Magic Dart        |    33 |    10 |     4 |    91 |    35 ||   173
       Mephitic Cloud    |       |     3 |       |    29 |    33 ||    65
       Spider Form       |       |     3 |     8 |    17 |    10 ||    38
       Call Imp          |       |       |       |    25 |       ||    25
       Blink             |       |       |       |     2 |       ||     2
       Regeneration      |       |       |       |    15 |    20 ||    35
       Yara's Violent Un |       |       |       |     1 |     7 ||     8
       Blade Hands       |       |       |       |     3 |    71 ||    74
       Ice Form          |       |       |       |     3 |       ||     3
       Summon Lightning  |       |       |       |       |    96 ||    96
       Ignite Poison     |       |       |       |       |    46 ||    46
       Poisonous Vapours |       |       |       |       |    17 ||    17
       Passage of Golubr |       |       |       |       |    14 ||    14
       Iron Shot         |       |       |       |       |    13 ||    13
       Ozocubu's Refrige |       |       |       |       |     9 ||     9
       Olgreb's Toxic Ra |       |       |       |       |     2 ||     2
Invok: Moment of Magic   |       |       |       |       |     2 ||     2
       Channel Magic     |       |       |       |       |     6 ||     6
       Forget Spell      |       |       |       |       |     6 ||     6
 Abil: End Transformatio |       |       |     5 |    14 |    16 ||    35
Evoke: Wand              |       |       |       |     1 |       ||     1
  Use: Scroll            |       |     5 |     2 |    14 |    21 ||    42
       Potion            |       |       |     5 |     6 |     5 ||    16
 Stab: Sleeping          |     1 |     5 |     8 |    12 |     5 ||    31
       Distracted        |       |       |       |     3 |    13 ||    16
       Confused          |       |       |       |    22 |       ||    22
  Eat: Chunk             |     2 |    10 |    19 |    44 |    72 ||   147
       Ration            |       |       |     1 |     4 |     3 ||     8
Armor: Leather armour    |    16 |    32 |     8 |       |       ||    56
       Skin              |       |     2 |    22 |     7 |     2 ||    33
       Scale mail        |       |       |       |    32 |       ||    32
       Troll leather arm |       |       |       |    27 |   202 ||   229
Dodge: Dodged            |    46 |   114 |   370 |   709 |   847 ||  2086
Block: Buckler           |     1 |       |       |    62 |    69 ||   132
